AoeStats
← 知耻而后勇喜笑颜开

Arabia

508384417Analyzed
1v1 RM · 10d ago on Sep 22, 2026· 76m 47s· 2 players
Game mode
Random Map
Map size
Tiny (2 player)
Population
200
Speed
Normal
Resources
Standard
Victory
Conquest
Starting age
Dark Age
Ending age
Imperial Age
RankedLock teamsTeams togetherTeam positionsShared explorationLock speedFull tech treeHidden civsTurbo modeCheats
Victory
Defeat
🇨🇳 Georgians · China
1355
+17
1381
-17
Desoxyribose
5:03 Loom
8:57 Feudal Age
9:46 Double-Bit Axe
18:51 Horse Collar
19:02 Gold Mining
21:22 Castle Age
21:24 Bloodlines
21:21 Scale Barding Armor
21:23 Fletching
22:12 Padded Archer Armor
22:09 Bodkin Arrow
22:20 Husbandry
22:32 Bow Saw
26:49 Ballistics
35:36 Wheelbarrow
37:08 Scale Barding Armor
39:40 Imperial Age
38:10 Forging
38:56 Chain Barding Armor
39:44 Iron Casting
40:44 Hand Cart
42:11 Conscription
43:54 Plate Barding Armor
43:09 Elite Monaspa
44:59 Blast Furnace
48:30 Aznauri Cavalry
50:54 Pikeman
51:35 Squires
51:20 Gambesons
51:37 Scale Mail Armor
51:38 Bracer
52:51 Chain Mail Armor
52:56 Halberdier
54:03 Svan Towers
53:55 Murder Holes
54:56 Light Cavalry
59:50 Plate Mail Armor
62:40 Hussar
知耻而后勇喜笑颜开
7:45 Feudal Age
8:11 Double-Bit Axe
9:35 Loom
10:44 Wheelbarrow
11:54 Town Watch
11:54 Man-at-Arms
14:43 Forging
20:40 Castle Age
20:13 Scale Barding Armor
20:45 Bloodlines
21:21 Husbandry
21:33 Bow Saw
21:03 Horse Collar
22:05 Heavy Plow
22:46 Gold Mining
22:57 Elite Skirmisher
24:10 Hand Cart
25:27 Fletching
26:42 Bodkin Arrow
27:59 Ballistics
29:45 Padded Archer Armor
31:53 Leather Archer Armor
41:14 Imperial Age
40:11 Iron Casting
41:09 Bloodlines
42:21 Chain Barding Armor
42:29 Bracer
43:37 Chemistry
42:49 Masonry
43:22 Conscription
44:10 Blast Furnace
43:46 Tusk Swords
43:45 Stone Mining
45:33 Hoardings
45:13 Murder Holes
47:14 Hoardings
48:39 Plate Barding Armor
50:08 Elite Battle Elephant
52:42 Siege Engineers
53:07 Architecture
59:03 Scale Mail Armor
62:21 Pikeman
63:21 Chain Mail Armor
64:58 Fortified Wall
Connection lost

Rejoining the realm…

Still unreachable

The connection could not be restored.

Session expired

The server has moved on; the page needs a fresh start.